Map: Dragon Scales LE

Players

winzboy - Winner!

  • Race: Protoss Protoss
  • Spawn Location: 11:00

VOD

Have the link to the VOD?

Description

Time

  • Played on: May 19, 2023, 5:04 a.m.
  • Length: 17:40
Show
View Real Time Build Order
Export as new Build Order

winzboy Protoss - Winner!

Build Orders:  

Get SALT Encoding   

  12  0:05  Probe (Chrono Boost)  
  13  0:35  Probe (Chrono Boost)  
  13  0:37  Assimilator  
  14  0:42  Pylon  
  14  0:46  Probe (Chrono Boost)  
  15  1:09  Probe (Chrono Boost)  
  16  1:11  Gateway  
  16  1:26  Probe (Chrono Boost)  
  17  1:43  Probe (Chrono Boost)  
  19  2:00  Probe (Chrono Boost)  
  19  2:18  Nexus  
  19  2:38  Cybernetics Core  
  19  2:48  Probe (Chrono Boost)  
  20  2:54  Pylon  
  20  3:04  Assimilator  
  20  3:05  Probe (Chrono Boost)  
  21  3:19  Probe (Chrono Boost)  
  22  3:30  Probe (Chrono Boost)  
  23  3:40  Probe (Chrono Boost)  
  26  4:07  Robotics Facility  
  26  4:10  Unknown  
  26  4:12  Shield Battery  
  26  4:13  Probe  
  26  4:14  Probe  
  28  4:37  Probe  
  29  4:48  Stalker (Chrono Boost)  
  31  4:54  Probe  
  31  4:58  Warp Gate (Chrono Boost)  
  32  5:11  Probe  
  32  5:16  Observer  
  34  5:23  Sentry  
  34  5:27  Probe (Chrono Boost)  
  37  5:35  Pylon  
  37  5:40  Probe (Chrono Boost)  
  37  5:48  Immortal  
  42  5:52  Probe (Chrono Boost)  
  43  6:07  Probe (Chrono Boost)  
  44  6:12  Forge  
  44  6:14  Twilight Council  
  44  6:18  Pylon  
  44  6:24  Probe (Chrono Boost)  
  45  6:32  Assimilator  
  45  6:35  Assimilator  
  46  6:41  Probe (Chrono Boost)  
  46  6:44  Immortal  
  50  6:58  Probe (Chrono Boost)  
  51  7:10  Protoss Ground Weapons Level 1  
  51  7:15  Probe (Chrono Boost)  
  46  7:32  Probe (Chrono Boost)  
  46  7:35  Pylon  
  46  7:39  Gateway  
  47  7:41  Gateway  
  47  7:44  Gateway  
  47  7:48  Gateway  
  47  7:49  Probe (Chrono Boost)  
  48  7:50  Gateway  
  48  7:54  Gateway  
  48  7:55  Zealot  
  46  8:06  Probe (Chrono Boost)  
  47  8:19  Gateway  
  47  8:23  Probe (Chrono Boost)  
  47  8:25  Pylon  
  48  8:30  Pylon  
  48  8:37  Robotics Facility  
  49  8:41  Probe (Chrono Boost)  
  49  8:45  Templar Archives  
  49  8:48  Charge, Stalker  
  51  8:57  Probe (Chrono Boost)  
  52  9:03  Zealot  
  52  9:04  Zealot  
  52  9:05  Zealot  
  58  9:14  Probe (Chrono Boost)  
  60  9:31  Probe (Chrono Boost)  
  60  9:34  Zealot  
  60  9:35  Zealot x2  
  60  9:36  Pylon, Zealot x2  
  60  9:39  Zealot  
  72  9:48  Probe (Chrono Boost)  
  73  9:50  Warp Prism  
  73  9:55  Unknown  
  75  10:18  Zealot x2  
  75  10:19  Zealot x2  
  83  10:20  Zealot  
  83  10:22  Zealot  
  87  10:47  Nexus  
  87  10:50  Pylon  
  87  10:53  Pylon  
  87  11:01  High Templar, Photon Cannon  
  87  11:02  High Templar  
  87  11:03  High Templar  
  93  11:14  Assimilator  
  93  11:18  High Templar, Assimilator  
  93  11:19  High Templar x2  
  99  11:34  Archon  
  99  11:35  Archon  
  99  11:37  Archon  
  99  11:46  Pylon  
  99  12:01  High Templar  
  99  12:02  High Templar x2  
  99  12:03  High Templar  
  99  12:04  High Templar  
  109  12:20  Archon  
  109  12:21  Archon  
  109  12:35  Immortal  
  109  12:36  Warp Prism  
  115  12:46  Unknown  
  115  12:49  Unknown  
  111  12:52  Unknown  
  109  13:15  Zealot x2  
  109  13:16  Zealot x2  
  109  13:17  Zealot x2  
  109  13:18  Zealot  
  123  13:26  Immortal  
  127  13:33  Robotics Bay  
  127  13:39  Pylon  
  127  13:43  Pylon  
  127  13:47  Pylon  
  127  13:51  High Templar  
  127  13:52  High Templar x2  
  133  14:15  High Templar  
  133  14:16  High Templar x2  
  133  14:17  High Templar  
  141  14:25  Sentry  
  143  14:35  Archon x3  
  143  14:46  Archon  
  143  15:04  Pylon  
  143  15:07  Pylon  
  143  15:10  Pylon  
  143  15:14  Pylon  
  143  15:17  Shield Battery  
  143  15:19  Robotics Facility  
  143  15:42  Unknown, Stalker  
  143  15:45  Stalker  
  143  15:47  Stalker  
  149  15:56  Disruptor  
  147  16:03  Unknown  
  147  16:06  Colossus  
  156  16:11  Stalker x2  
  156  16:12  Stalker  
  162  16:44  Zealot x2  
  162  16:45  Zealot x2  
  168  16:52  Unknown  
  172  17:03  Unknown  
  170  17:21  Unknown  
Tags
 
Add a new tag
Caveats
  • Supply blocks, unpowered buildings, or Contaminate may cause inaccurate times.
  • Supply counts are checked every 10 seconds.